 Dungeon Crawl Stone Soup version 0.29.0-7-g18a832c13a (webtiles) character file.

Game seed: 13242287430191085073

39 adizb the Trooper (level 3, 0/30 HPs)
             Began as a Demonspawn Fighter on Aug 30, 2022.
             Slain by a hobgoblin (3 damage)
             ... on level 2 of the Dungeon.
             The game lasted 00:04:18 (804 turns).

adizb the Trooper (Demonspawn Fighter)               Turns: 804, Time: 00:04:19

Health: 0/30       AC:  6    Str: 18    XL:     3   Next: 26%
Magic:  3/3        EV:  9    Int:  9    God:
Gold:   44         SH:  4    Dex: 12    Spells: 2/2 levels left

rFire   . . .      SeeInvis .   a - +0 flail
rCold   . . .      Faith    .   c - +0 buckler
rNeg    . . .      Spirit   .   b - +0 scale mail
rPois   .          Reflect  .   (no helmet)
rElec   .          Harm     .   (no cloak)
rCorr   .          Rampage  .   (no gloves)
Will    .....                   (no boots)
Stlth   ..........              (no amulet)
HPRegen 0.10/turn               (no ring)
MPRegen 0.08/turn               (no ring)

@: no status effects
A: demonic guardian 1, demonic touch 1
a: no special abilities


You were on level 2 of the Dungeon.
You visited 1 branch of the dungeon, and saw 2 of its levels.

You collected 44 gold pieces.

Inventory:

Hand Weapons
 a - a +0 flail (weapon)
Missiles
 j - 7 poisoned darts (quivered)
Armour
 b - a +0 scale mail (worn)
 c - a +0 buckler (worn)
 i - a +0 pair of gloves
Scrolls
 e - a scroll of magic mapping {unknown}
 f - 2 scrolls of identify {unknown}
 k - a scroll of fear {unknown}
 l - a scroll of teleportation {unknown}
Potions
 d - 2 potions of might
 g - a potion of degeneration {unknown}
 h - 5 potions of curing {unknown}


   Skills:
 * Level 4.0 Fighting
 - Level 1.7 Maces & Flails
 - Level 2.9 Armour
 - Level 2.8 Shields
 + Level 0.2 Unarmed Combat


You had 2 spell levels left.
You didn't know any spells.
Your spell library was empty.

Dungeon Overview and Level Annotations

Branches:
Dungeon (2/15)

Altars:

Shops:
D:1 [


Innate Abilities, Weirdness & Mutations

A weak demonic guardian rushes to your aid.
Your touch may inflict minor irresistible damage on your foes.


Message History

The bat hits you but does no damage.
You barely miss the bat. The bat barely misses you.
You block the adder's attack.
You closely miss the adder. You block the adder's attack.
The adder bites you but does no damage.
You hit the adder.
The adder is lightly wounded.
The adder bites you. You block the adder's attack.
You thump the adder!
The adder is severely wounded.
The adder barely misses you.
You hit the adder but do no damage.
The adder is severely wounded.
The adder barely misses you. x2
You barely miss the adder.
The adder is severely wounded.
The adder bites you but does no damage. x2
You closely miss the adder.
The adder is severely wounded.
The adder bites you. x2; A demonic guardian appears!
You are poisoned.
The adder poisons you!
You sock the adder!
You kill the adder!
You feel sick. The bat hits you but does no damage. x2
Your shadow imp barely misses the bat.
The bat barely misses you.
Your Fighting skill increases to level 4!
You hit the bat.
You kill the bat!
You feel sick.
The hobgoblin hits your shadow imp but does no damage.
You swap places.
You feel sick. You block the hobgoblin's attack.
Things that are here:
a bat corpse; an adder corpse You closely miss the hobgoblin.
You feel sick. The hobgoblin hits you.
* * * LOW HITPOINT WARNING * * *
You closely miss the hobgoblin.
You feel sick.
You are no longer poisoned.
The hobgoblin hits you.
You die...

...# ..#.........#
.#.##### ##..........#
.......###.#.......(..###
.........................
...........##..#....#..#
.....# ...........#
.#.### ...####.....#
.#.### #..#.....g.#.....#
.#.##.... #..###@## .....
.<.#...# #..##.5# ....
..##...# ##..#<.## ...
......####...#.## ##
..####.......#.#
..####......>..#
.............###
..####.......# #.#
#...#...#


You could see a hobgoblin (ally target) and a friendly shadow imp (summoned).

Vanquished Creatures
  An adder (D:2)
  A dart slug (D:2)
  4 bats
  An endoplasm (D:2)
  A goblin (D:1)
  2 hobgoblins (D:2)
  4 jackals (D:1)
  3 kobolds (D:1)
  3 ball pythons (D:1)
  2 frilled lizards (D:1)
  4 rats (D:1)
26 creatures vanquished.

Vanquished Creatures (collateral kills)
  A rat (D:1)
1 creature vanquished.

Grand Total: 27 creatures vanquished

Notes
Turn   | Place    | Note
-------+----------+-------------------------------------------
     0 | D:1      | adizb the Demonspawn Fighter began the quest for the Orb.
     0 | D:1      | Reached XP level 1. HP: 18/18 MP: 1/1
    58 | D:1      | Found Noleim's Antique Armour Shop.
    90 | D:1      | Gained mutation: A weak demonic guardian rushes to your
                  | aid. [demonic ancestry]
    90 | D:1      | Reached XP level 2. HP: 21/24 MP: 2/2
   527 | D:1      | You fall into a shaft and drop 1 floor!
   764 | D:2      | Gained mutation: Your touch may inflict minor irresistible
                  | damage on your foes. [demonic ancestry]
   764 | D:2      | Reached XP level 3. HP: 29/30 MP: 3/3
   801 | D:2      | Reached skill level 4 in Fighting
   804 | D:2      | Slain by a hobgoblin

Illustrated notes

Levels and vault maps discovered:
D:1:      lightli_arrival_noodles, layout_loops_ring, serial_shops,
          nicolae_square_shop
D:2:      layout_rooms, hellmonk_ecumenical_altar_leap_of_faith,
          nicolae_underground_beach

Skill      XL: |  1  2  3 |
---------------+----------+-----
Fighting       | 4 |  4.0
Maces & Flails | |  1.7
Armour         | |  2.9
Shields        | |  2.8
Unarmed Combat | |  0.2

Action                   || total
-------------------------++-------
Melee: Flail             ||    65
Armor: Scale mail        ||    35
Dodge: Dodged            ||    38
Block: Buckler           ||    18
